 Dungeon Crawl Stone Soup version 0.24.1 (webtiles) character file.

Game seed: 16874587897965190933, levelgen mode: deterministic

98613 Peloso the Peltast (level 15, -2/139 HPs)
             Began as a Minotaur Fighter on Mar 23, 2020.
             Was a High Priest of Okawaru.
             Slain by an elephant (12 damage)
             ... on level 4 of the Lair of Beasts.
             The game lasted 01:12:43 (30440 turns).

Peloso the Peltast (Minotaur Fighter)              Turns: 30440, Time: 01:12:44

Health: -2/139     AC: 22    Str: 25    XL:     15   Next: 75%
Magic:  14/14      EV: 11    Int: -13 (5) God:    Okawaru [*****.]
Gold:   2904       SH: 15    Dex: 15    Spells: 14/14 levels left

rFire    + + .     SeeInvis +   a - +3 falchion of Innocence {slice, rPois rF+ MR+ Stlth+}
rCold    . . .     Gourm    .   c - +0 shield
rNeg     + . .     Faith    .   B - +0 plate armour
rPois    +         Spirit   .   O - +1 hat {MR+}
rElec    .         Reflect  .   q - scarf {cloud immunity}
rCorr    .         Harm     .   R - +0 pair of gloves of Erchayl {rF+ rN+}
MR       +++..                  J - +1 pair of boots {Fly}
Stlth    ..........             (no amulet)
HPRegen  0.33/turn              F - +3 ring of dexterity
MPRegen  0.14/turn              K - ring "Yghuatta" {rPois SInv}

@: flying, slowed, lost intelligence, very slow
A: retaliatory headbutt, horns 2, low mp 1
a: Heroism, Finesse, Renounce Religion, Stop Flying


You were on level 4 of the Lair of Beasts.
You worshipped Okawaru.
Okawaru was extremely pleased with you.
You were hungry.

You visited 4 branches of the dungeon, and saw 23 of its levels.
You also visited: Sewer.

You collected 3048 gold pieces.
You spent 144 gold pieces at shops.

Inventory:

Hand Weapons
 a - the +3 falchion of Innocence (weapon) {slice, rPois rF+ MR+ Stlth+}
   (Okawaru gifted it to you on level 2 of the Lair of Beasts)

   It inflicts extra damage upon your enemies.
   It protects you from fire.
   It protects you from poison.
   It affects your resistance to hostile enchantments.
   It makes you more stealthy.
 b - a +7 long sword
 z - a +1 whip of flaming
Armour
 c - a +0 shield (worn)
 q - a scarf of cloud immunity (worn)
 B - a +0 plate armour (worn)
 J - a +1 pair of boots of flying (worn)
 N - a +0 pair of gloves
 O - a +1 hat of magic resistance (worn)
 R - the +0 pair of gloves of Erchayl (worn) {rF+ rN+}
   (Okawaru gifted it to you on level 11 of the Dungeon)

   It protects you from fire.
   It protects you from negative energy.
Jewellery
 h - an uncursed ring of fire
 x - an uncursed ring of fire
 F - a +3 ring of dexterity (left hand)
 K - the ring "Yghuatta" (right hand) {rPois SInv}
   (You found it on level 6 of the Lair of Beasts)

   [ring of see invisible]

   It protects you from poison.
   It lets you see invisible.
 W - a +2 ring of strength
Scrolls
 g - a scroll of identify
 k - 11 scrolls of remove curse
 m - 12 scrolls of teleportation
 o - 3 scrolls of blinking
 t - a scroll of random uselessness
 w - 2 scrolls of fear
 y - a scroll of noise
 C - 2 scrolls of summoning {unknown}
 E - 3 scrolls of magic mapping
Potions
 d - 4 potions of might
 e - a potion of mutation
 j - 5 potions of curing
 l - 4 potions of heal wounds
 n - 2 potions of resistance
 Q - a potion of haste
Comestibles
 f - 33 rations


   Skills:
 + Level 14.4 Fighting
 + Level 16.2 Long Blades
 + Level 5.4 Maces & Flails
 + Level 15.4 Armour
 + Level 5.6 Dodging
 + Level 2.0 Stealth
 + Level 17.6 Shields
 + Level 2.8 Invocations
 + Level 1.6 Evocations


You had 14 spell levels left.
You didn't know any spells.
Your spell library contained the following spells:

 Spells                   Type           Power        Failure   Level  Hunger
 Corona                   Hex            #......      99%         1    ##.....
 Ensorcelled Hibernation  Hex/Ice        #.....       100%        2    ###....
 Passwall                 Tmut/Erth      #.......     100%        2    ###....
 Slow                     Hex            #.......     100%        2    ###....
 Swiftness                Chrm/Air       #.......     100%        2    ###....
 Confuse                  Hex            #.......     100%        3    ####...
 Dazzling Spray           Conj/Hex       #.....       100%        3    ####...
 Inner Flame              Hex/Fire       #.......     100%        3    ####...
 Portal Projectile        Hex/Tloc       #.....       100%        3    ####...
 Tukima's Dance           Hex            #.......     100%        3    ####...
 Cause Fear               Hex            #.........   100%        4    #####..
 Leda's Liquefaction      Hex/Erth       #.........   100%        4    #####..
 Passage of Golubria      Tloc           N/A          100%        4    #####..
 Lee's Rapid Deconstruct  Erth           #.........   100%        5    ######.
 Darkness                 Hex            #.........   100%        6    #######
 Invisibility             Hex            #.......     100%        6    #######


Dungeon Overview and Level Annotations

Branches:
Dungeon (14/15)            Temple (0/1) D:5            Lair (6/6) D:11
 Shoals (0/4) Lair:4        Snake (0/4) Lair:3        Slime (0/5) Lair:5
    Orc (2/2) D:10            Elf (1/3) Orc:2        Vaults (0/5) D:13
  Sewer (visited)

Altars:
Cheibriados
Elyvilon
Fedhas
Makhleb
Okawaru
Sif Muna
Vehumet
Wu Jian
Yredelemnul
Beogh
Jiyva

Shops:
Orc:2 =!([:[[

Annotations:
D:8 1 runed translucent door, exclusion: 2 orange crystal statues
D:10 3 runed translucent doors, engine7v's ghost, journeyman DsBe
Lair:2 exclusion: 2 oklob plants
Lair:4 Murgh's ghost, journeyman MiBe
Lair:5 3 runed translucent doors, nano's ghost, journeyman DsGl


Innate Abilities, Weirdness & Mutations

You reflexively headbutt those who attack you in melee.
You have a pair of horns on your head.
Your magical capacity is low. (-10% MP)


Message History

The seven-headed hydra bites you but does no damage.
The seven-headed hydra bites you!
* * * LOW HITPOINT WARNING * * *
The seven-headed hydra bites you but does no damage. x2
The elephant tramples you!
* * * LOW HITPOINT WARNING * * *
You hold your ground!
The elephant trunk-slaps you but does no damage.
There is a transporter, spattered with blood here.
You enter the transporter and appear at another place.
You block the seven-headed hydra's attack.
The seven-headed hydra closely misses you.
You block the seven-headed hydra's attack.
The seven-headed hydra bites you but does no damage.
You block the seven-headed hydra's attack.
The seven-headed hydra bites you!!
* * * LOW HITPOINT WARNING * * *
The seven-headed hydra barely misses you.
The elephant tramples you!
You die...

..........##..#.%!![.. #........
..........#....###=..##.##.......
.......≈≈.##.#.W...#.....#.......
.......≈≈..#.. #..©..##..#.......
.......≈≈≈.#..##F.#......#.......
##.#.......#..yF#W..#...##.......
####.....#.##...y..#....#........
#........##©###..#####........
##.........###@####.....#......
#............D.Y.....##P#......
##..............#...#####......
#..............##### ##......
#.....#.###.##..# #.......
#####P### ####### ###..#.. ###
######


You could see a seven-headed hydra (berserk) and an elephant (berserk).

Vanquished Creatures
  Saint Roka (Orc:1)
  Jorgrun (D:13)
  Agnes (D:14)
  An orc warlord (Orc:2)
  A stone giant (Orc:2)
  Josephine (D:11)
  A merfolk avatar (Lair:6)
  3 centaur warriors (D:13)
  12 hydras
  4 dancing weapons
  7 death yaks
  3 two-headed ogres
  3 orc high priests (Orc:2)
  2 sea snakes (Lair:5)
  2 orange crystal statues (D:8)
  Pikel (D:6)
  A wizard (D:14)
  2 orc knights
  2 unseen horrors
  3 harpies (Lair:6)
  An ugly thing (D:11)
  2 cyclopes (D:11)
  4 orc sorcerers
  3 manticores
  9 elephants
  5 black mambas
  Joseph (D:7)
  A gargoyle (D:11)
  A centaur zombie (D:13)
  22 spiny frogs
  3 centaur skeletons
  6 komodo dragons
  2 kobold demonologists (D:12)
  12 rime drakes
  2 trolls
  A wind drake (Lair:6)
  5 polar bears
  Prince Ribbit (D:7)
  19 hippogriffs
  A meliai zombie (D:11)
  27 blink frogs
  9 dream sheep (Lair:6)
  5 slime creatures (D:13)
  Sigmund (D:5)
  A spriggan (Lair:3)
  9 wyverns
  39 yaks
  4 wraiths (D:11)
  A yak (shapeshifter) (D:14)
  7 basilisks
  A human (D:10)
  3 hogs (D:10)
  3 hungry ghosts
  Menkaure (D:6)
  3 nagas (Lair:3)
  4 wargs
  7 water moccasins
  Duvessa (D:6)
  4 porcupines
  3 black bears
  27 orc warriors
  A slave (D:6)
  3 phantoms
  6 sky beasts
  A hornet zombie (D:14)
  5 ice beasts
  2 necrophages
  14 ogres
  14 centaurs
  15 wolves
  14 crocodiles
  Blork the orc (D:5)
  3 big kobolds
  2 gnoll sergeants
  A wyvern zombie (D:7)
  15 bullfrogs
  A wyvern skeleton (D:11)
  Dowan (D:6)
  A water moccasin skeleton (D:8)
  A scorpion (D:3)
  15 killer bees (D:11)
  3 electric eels
  17 wights
  3 howler monkeys
  7 crimson imps
  A bullfrog zombie (D:9)
  2 quasits
  9 hounds
  21 orc priests
  A bullfrog skeleton (D:6)
  5 iguanas
  28 orc wizards
  11 worker ants
  A killer bee zombie (D:6)
  A hound zombie (D:6)
  A hound skeleton (D:7)
  A worker ant zombie (D:10)
  11 gnolls
  A howler monkey skeleton (D:9)
  14 adders
  6 river rats (Sewer)
  2 oozes
  2 adder zombies (D:9)
  An adder skeleton (D:5)
  2 worms
  2 dart slugs (D:1)
  6 leopard geckos
  123 orcs
  9 giant cockroaches
  10 goblins
  7 hobgoblins
  7 jackals
  4 quokkas
  6 ball pythons
  9 bats
  2 frilled lizards
  22 kobolds
  A quokka skeleton (D:8)
  A quokka zombie (D:6)
  23 rats
  2 fungi
  A plant (Lair:1)
815 creatures vanquished.

Vanquished Creatures (others)
  An adder (D:8)
  An orc (Orc:1)
  A giant cockroach (D:6)
  7 fungi
  13 plants
23 creatures vanquished.

Grand Total: 838 creatures vanquished

Notes
Turn   | Place    | Note
-------+----------+-------------------------------------------
     0 | D:1      | Peloso the Minotaur Fighter began the quest for the Orb.
     0 | D:1      | Reached XP level 1. HP: 19/19 MP: 0/0
   236 | D:1      | Reached XP level 2. HP: 27/27 MP: 1/1
   740 | D:2      | Reached skill level 4 in Shields
   983 | D:2      | Reached XP level 3. HP: 33/33 MP: 2/2
  1212 | D:3      | Noticed a scorpion
  1219 | D:3      | Killed a scorpion
  1219 | D:3      | Reached skill level 1 in Dodging
  1219 | D:3      | Reached XP level 4. HP: 23/40 MP: 3/3
  1397 | D:3      | Found a faded altar of an unknown god.
  1397 | D:3      | Found a radiant altar of Vehumet.
  1411 | D:3      | Found an iron altar of Okawaru.
  1413 | D:3      | Found a faded altar of an unknown god.
  1415 | D:3      | Found a basalt altar of Yredelemnul.
  1419 | D:3      | Became a worshipper of Warmaster Okawaru
  1811 | D:4      | Reached XP level 5. HP: 42/47 MP: 4/4
  1898 | D:4      | Found a blossoming altar of Fedhas.
  1969 | D:4      | Found a burning altar of Makhleb.
  1974 | D:4      | Reached skill level 5 in Fighting
  2221 | D:4      | Reached skill level 5 in Shields
  2344 | D:4      | Noticed a blizzard demon
  2347 | D:4      | Noticed an orange demon
  2347 | D:4      | Noticed a neqoxec
  2414 | D:5      | Entered Level 5 of the Dungeon
  2496 | D:5      | Reached skill level 5 in Armour
  2496 | D:5      | Reached XP level 6. HP: 9/56 MP: 5/5
  2593 | D:5      | Found a glowing drain.
  2608 | Sewer    | Entered a sewer
  2870 | Sewer    | Reached * piety under Okawaru
  3008 | Sewer    | Reached skill level 5 in Long Blades
  3191 | Sewer    | Reached XP level 7. HP: 56/61 MP: 6/6
  3270 | Sewer    | Reached skill level 1 in Stealth
  3511 | D:5      | Found a radiant altar of Vehumet.
  3543 | D:5      | Found a snail-covered altar of Cheibriados.
  3772 | D:5      | You fall into a shaft and drop 3 floors!
  3859 | D:7      | Reached skill level 6 in Shields
  4110 | D:7      | Reached ** piety under Okawaru
  4145 | D:7      | Reached XP level 8. HP: 41/70 MP: 5/7
  4344 | D:7      | Noticed Prince Ribbit
  4351 | D:7      | Noticed Joseph
  4359 | D:7      | Killed Prince Ribbit
  4388 | D:7      | Killed Joseph
  4388 | D:7      | Reached *** piety under Okawaru
  4388 | D:7      | Reached skill level 7 in Shields
  4563 | D:7      | Noticed a hippogriff
  4572 | D:7      | Killed a hippogriff
  4572 | D:7      | Reached XP level 9. HP: 51/79 MP: 8/8
  4942 | D:6      | Noticed Menkaure
  4948 | D:6      | Killed Menkaure
  4948 | D:6      | Reached **** piety under Okawaru
  5125 | D:6      | Noticed Pikel
  5162 | D:6      | Killed Pikel
  5162 | D:6      | Reached skill level 10 in Long Blades
  5162 | D:6      | Reached skill level 8 in Shields
  5162 | D:6      | Reached skill level 1 in Invocations
  5185 | D:6      | Reached ***** piety under Okawaru
  5277 | D:6      | Found a white marble altar of Elyvilon.
  5278 | D:6      | Noticed Duvessa
  5278 | D:6      | Noticed Dowan
  5309 | D:6      | Killed Dowan
  5316 | D:6      | Killed Duvessa
  5402 | D:6      | Reached XP level 10. HP: 40/88 MP: 9/9
  5950 | D:5      | Noticed Sigmund
  5958 | D:5      | Killed Sigmund
  6042 | D:5      | Noticed Blork the orc
  6057 | D:5      | Killed Blork the orc
  6095 | D:5      | Found a staircase to the Ecumenical Temple.
  6541 | D:8      | Found a runed translucent door.
  6547 | D:8      | Found the +10 large shield of Ignorance {rN+ Int-4}
  6565 | D:8      | Found a runed translucent door.
  6566 | D:8      | Noticed an orange crystal statue
  7014 | D:8      | Received a gift from Okawaru
  7045 | D:8      | Reached skill level 10 in Armour
  7463 | D:5      | Found a shimmering blue altar of Sif Muna.
  7463 | D:5      | Found an ornate altar of the Wu Jian Council.
  7798 | D:9      | Reached XP level 11. HP: 97/97 MP: 10/10
  8433 | D:10     | Entered Level 10 of the Dungeon
  8651 | D:10     | Reached skill level 9 in Shields
  8773 | D:10     | Found a runed translucent gate.
  8773 | D:10     | Found a runed translucent gate.
  8773 | D:10     | Found a runed translucent gate.
  8774 | D:10     | Found an opulent altar of Gozag.
  8774 | D:10     | Noticed a fire crab
  8832 | D:10     | Noticed engine7v's ghost (journeyman DsBe)
  8833 | D:10     | Noticed a fire crab
  9030 | D:10     | Found a staircase to the Orcish Mines.
  9212 | D:11     | Reached skill level 10 in Fighting
  9234 | D:11     | Noticed a green ugly thing
  9240 | D:11     | Killed a green ugly thing
  9242 | D:11     | Found a staircase to the Lair.
  9294 | D:11     | Reached ****** piety under Okawaru
  9294 | D:11     | Received a gift from Okawaru
  9423 | D:11     | Reached skill level 10 in Shields
  9542 | D:11     | Noticed Josephine
  9554 | D:11     | Killed Josephine
  9596 | D:11     | Killed an unseen horror
  9596 | D:11     | Received a gift from Okawaru
  9596 | D:11     | Reached XP level 12. HP: 35/108 MP: 4/12
  9600 | D:11     | Got a pair of smoking gloves {god gift}
  9611 | D:11     | Identified the +0 pair of gloves of Erchayl {rF+ rN+}
                  | (Okawaru gifted it to you on level 11 of the Dungeon)
 10503 | D:12     | Reached skill level 11 in Shields
 10521 | D:12     | Noticed a two-headed ogre
 10528 | D:12     | Killed a two-headed ogre
 10541 | D:12     | Noticed an eight-headed hydra
 10560 | D:12     | Killed an eight-headed hydra
 10675 | D:12     | Reached skill level 1 in Maces & Flails
 11299 | D:12     | Noticed a two-headed ogre
 11306 | D:12     | Killed a two-headed ogre
 11533 | Lair:1   | Entered Level 1 of the Lair of Beasts
 11581 | Lair:1   | Reached skill level 12 in Shields
 12045 | Lair:1   | Noticed a five-headed hydra
 12062 | Lair:1   | Killed a five-headed hydra
 12837 | Lair:2   | Reached skill level 1 in Evocations
 12931 | Lair:2   | Noticed a five-headed hydra
 12946 | Lair:2   | Killed a five-headed hydra
 12946 | Lair:2   | Received a gift from Okawaru
 12953 | Lair:2   | Got a scorched falchion {god gift}
 12954 | Lair:2   | Identified the +3 falchion of Innocence {slice, rPois rF+
                  | MR+ Stlth+} (Okawaru gifted it to you on level 2 of the
                  | Lair of Beasts)
 13434 | Lair:2   | Noticed a five-headed hydra
 13449 | Lair:2   | Killed a five-headed hydra
 13449 | Lair:2   | Reached XP level 13. HP: 69/116 MP: 6/13
 14094 | Lair:3   | Found a staircase to the Snake Pit.
 14106 | Lair:3   | Reached skill level 13 in Shields
 14218 | Lair:3   | Received a gift from Okawaru
 15945 | Lair:4   | Reached skill level 14 in Shields
 16093 | Lair:4   | Found a staircase to the Shoals.
 16299 | Lair:4   | Noticed Murgh's ghost (journeyman MiBe)
 16309 | Lair:4   | Found a transporter.
 16441 | Lair:4   | Found a transporter.
 16540 | Lair:4   | Reached skill level 15 in Long Blades
 16547 | Lair:4   | Received a gift from Okawaru
 16547 | Lair:4   | Reached skill level 5 in Dodging
 16814 | D:13     | Noticed Jorgrun
 16833 | D:13     | Killed Jorgrun
 17354 | D:13     | Reached XP level 14. HP: 87/126 MP: 15/15
 18051 | D:13     | Found a gate to the Vaults.
 18650 | D:13     | Identified a scroll of acquirement
 19238 | D:14     | Reached skill level 15 in Shields
 19327 | D:14     | Found an iron altar of Okawaru.
 19599 | D:14     | Received a gift from Okawaru
 19868 | D:14     | Found an ornate altar of the Wu Jian Council.
 20031 | D:14     | Noticed Agnes
 20044 | D:14     | Killed Agnes
 20801 | Lair:5   | Found a staircase to the Slime Pits.
 20802 | Lair:5   | Found a viscous altar of Jiyva.
 20852 | Lair:5   | Noticed nano's ghost (journeyman DsGl)
 20887 | Lair:5   | Reached skill level 5 in Maces & Flails
 20912 | Lair:5   | Found a runed translucent gate.
 20912 | Lair:5   | Found a runed translucent gate.
 20912 | Lair:5   | Found a runed translucent gate.
 21137 | Lair:5   | Reached skill level 16 in Shields
 21431 | Lair:6   | Entered Level 6 of the Lair of Beasts
 22061 | Lair:6   | Received a gift from Okawaru
 22110 | Lair:6   | Reached XP level 15. HP: 30/136 MP: 16/16
 22775 | Lair:6   | HP: 5/136 [sea snake (3)]
 23167 | Lair:6   | Got an ancient copper ring
 23169 | Lair:6   | Identified the ring "Yghuatta" {rPois SInv} (You found it
                  | on level 6 of the Lair of Beasts)
 23299 | Lair:6   | Reached skill level 15 in Armour
 23595 | Lair:6   | Received a gift from Okawaru
 24861 | Orc:1    | Entered Level 1 of the Orcish Mines
 24905 | Orc:1    | Found a roughly hewn altar of Beogh.
 25617 | Orc:2    | Entered Level 2 of the Orcish Mines
 25617 | Orc:2    | Found a staircase to the Elven Halls.
 25618 | Orc:2    | Noticed Saint Roka
 25872 | Orc:1    | HP: 1/138 [Saint Roka/divine providence (16)]
 25876 | Orc:1    | Killed Saint Roka
 25876 | Orc:1    | Reached skill level 17 in Shields
 26905 | Orc:2    | Found Qola's Antique Armour Shoppe.
 26953 | Orc:2    | Found Gyodae's Book Boutique.
 26983 | Orc:2    | Found a roughly hewn altar of Beogh.
 27022 | Orc:2    | Found a roughly hewn altar of Beogh.
 27022 | Orc:2    | Found Boakkiof's Armour Boutique.
 27091 | Orc:2    | Found a roughly hewn altar of Beogh.
 27259 | Orc:2    | Noticed an orc warlord
 27286 | Orc:2    | Killed an orc warlord
 27331 | Orc:2    | Received a gift from Okawaru
 27395 | Orc:2    | Gained mutation: Your magical capacity is low. (-10% MP) [a
                  | neqoxec]
 27628 | Orc:2    | Found Erobrek's Antique Armour Shop.
 27629 | Orc:2    | Found a roughly hewn altar of Beogh.
 27632 | Orc:2    | Found Oplutt's Antique Weapon Boutique.
 27774 | Orc:2    | Found a roughly hewn altar of Beogh.
 27818 | Orc:2    | Found Neptytzo's Jewellery Boutique.
 27831 | Orc:2    | Bought a cursed amulet of inaccuracy for 32 gold pieces
 27873 | Orc:2    | Found a roughly hewn altar of Beogh.
 27902 | Orc:2    | Found Luefach's Distillery.
 27922 | Orc:2    | Bought a potion of mutation for 112 gold pieces
 27993 | Orc:2    | Found a roughly hewn altar of Beogh.
 28083 | Orc:2    | Found a roughly hewn altar of Beogh.
 28143 | Elf:1    | Entered Level 1 of the Elven Halls
 28277 | D:8      | Lost intelligence.
 30440 | Lair:4   | Slain by an elephant

Levels and vault maps discovered:
D:1:      minmay_arrival_stair_chambers, layout_basic, minmay_misc_feat_five
D:2:      layout_basic, first_ration
D:3:      layout_basic, chequers_temple_overflow_minitemple
D:4:      layout_basic, overflow_temple_1_default, makhleb_altar_promises_db
D:5:      layout_basic, nicolae_overflow_hidden_temple,
          minmay_temple_entry_poolview, portal_sewer_entry_f,
          vehumet_altar_wand_db, uniq_blork_the_orc, uniq_sigmund
D:6:      layout_layer_cave, elyvilon_altar_3, uniq_duvessa, uniq_pikel,
          uniq_menkaure
D:7:      layout_rooms, uniq_joseph, uniq_prince_ribbit1
D:8:      argonaut_augean_stables, layout_cave_pods,
          chequers_guarded_unrand_ignorance
D:9:      layout_basic
D:10:     layout_big_octagon, erik_orc_3, ebering_ghost_gozag,
          serial_column_ruins, column_ruins_open_tiny,
          column_ruins_columns_water, column_ruins_open_medium,
          column_ruins_open_medium, column_ruins_open_tiny, grunt_livestock,
          minivault_22
D:11:     layout_long_grid, lair_entry_dummy, uniq_josephine
D:12:     layout_cave_pools
D:13:     layout_stronghold, erik_vaults_1, uniq_jorgrun
D:14:     layout_roguey [special_room_mythical_zoo], okawaru_ov_weapons_minmay,
          basic_altar, hex_medium, uniq_agnes
Lair:1:   layout_loops_ring, serial_bayou_pond_e, serial_bayou_crossing
Lair:2:   beast_lair_carwin_large_2, layout_misc_corridors,
          chequers_serial_rivers_micro_e, grunt_megastairs_5,
          minmay_lair_oklob_chamber
Lair:3:   layout_chaotic_city, minmay_snake_entry_guardpost_small, st_stairs_13,
          grunt_forest_stairs_clearing
Lair:4:   layout_gridlike, minmay_shoals_entry_centaurs,
          gammafunk_ghost_berserking_beasts, nzn_random_ring
Lair:5:   layout_roguey, slime_altar_1, gammafunk_ghost_icy, grunt_megastairs_3
Lair:6:   gammafunk_lair_ancient_temple, layout_regular_city
Orc:1:    layout_caves, basic_altar, nicolae_orc_stony_grotto
Orc:2:    grunt_orc_community_town_hall, layout_diamond_mine,
          grunt_orc_community_big_house_2, grunt_orc_community_big_house_1,
          grunt_orc_community_house_3, grunt_orc_community_house_3,
          grunt_orc_community_house_1, grunt_orc_community_house_3,
          grunt_orc_community_house_3, grunt_orc_community_house_3,
          serial_shops, shop, shop, shop, uniq_saint_roka
Elf:1:    eino_elf_arrival_altar, layout_loops_corners, serial_shops,
          nicolae_shop_trees, hangedman_elf_represent,
          minmay_the_grid_square_5x5_3x3_mashed
          [minmay_the_grid_square_5x5_one_wall,
          minmay_the_grid_square_5x5_bracketed,
          minmay_the_grid_square_5x5_spiral_small,
          minmay_the_grid_square_5x5_hollow_slash,
          minmay_the_grid_square_5x5_megaprize_crossed,
          minmay_the_grid_square_5x5_broken_cross,
          minmay_the_grid_square_5x5_inverted_slash,
          minmay_the_grid_square_5x5_three_small,
          minmay_the_grid_square_5x5_checkered_statues]

Skill      XL: |  1  2  3  4  5  6  7  8  9 10 11 12 13 14 15 |
---------------+----------------------------------------------+-----
Fighting       | 4 5 6 7 8 9 10 11 12 13 14 | 14.4
Armour         | 4 5 6 8 10 11 13 14 15 | 15.4
Shields        | 4 5 6 7 8 10 12 14 16 17 | 17.6
Long Blades    | 3 4 5 6 8 10 12 14 15 16 | 16.2
Dodging        | 1 2 3 4 5 |  5.6
Stealth        | 1 2 |  2.0
Invocations    | 1 2 |  2.8
Maces & Flails | 2 4 5 |  5.4
Evocations     | 1 |  1.6

Action                   |  1- 3 |  4- 6 |  7- 9 | 10-12 | 13-15 || total
-------------------------+-------+-------+-------+-------+-------++-------
Melee: Long sword        |    76 |   196 |   304 |   809 |       ||  1385
       Headbutt          |     8 |    31 |    56 |   201 |   584 ||   880
       Whip              |       |       |       |    53 |    69 ||   122
       Falchion          |       |       |       |    46 |  1842 ||  1888
Invok: Heroism           |       |       |     5 |     8 |    19 ||    32
Evoke: Wand              |       |       |       |    15 |     1 ||    16
  Use: Potion            |     2 |     2 |     2 |     1 |     5 ||    12
       Scroll            |       |     8 |       |     6 |    14 ||    28
  Eat: Chunk             |       |     8 |     7 |    21 |    34 ||    70
       Ration            |       |       |     1 |     2 |     7 ||    10
Armor: Scale mail        |    24 |    82 |    74 |       |       ||   180
       Chain mail        |       |       |     8 |     2 |       ||    10
       Plate armour      |       |       |       |   390 |   699 ||  1089
Dodge: Dodged            |    28 |    56 |    93 |   265 |   566 ||  1008
Block: Shield            |    48 |    97 |   148 |   553 |  1302 ||  2148
       Rpst.: Long sword |     8 |    13 |    23 |    48 |       ||    92
       Falchion          |       |       |       |     3 |   118 ||   121
